 Dungeon Crawl Stone Soup version 0.17-a0-18-gc25b939 (webtiles) character file.

471 Pikaro the Quickloader (level 6, -3/48 HPs)
             Began as a Centaur Hunter on Mar 6, 2015.
             Was a Follower of Okawaru.
             Killed from afar by an orc wizard (6 damage)
             ... with a magic dart
             ... on level 4 of the Dungeon.
             The game lasted 00:12:29 (2834 turns).

Pikaro the Quickloader (Centaur Hunter)             Turns: 2834, Time: 00:12:29

Health: -3/48      AC:  5    Str: 14    XL:     6   Next: 83%
Magic:  5/5        EV: 14    Int: 10    God:    Okawaru [*.....]
Gold:   177        SH:  0    Dex: 17    Spells: 0 memorised, 5 levels left

rFire  . . .     SeeInvis .     b - +1 hand crossbow
rCold  . . .     Clarity  .     d - +0 leather armour
rNeg   . . .     SustAb   .     (no shield)
rPois  +         Gourm    .     i - +0 helmet
rElec  .         Spirit   .     (no cloak)
rCorr  .         Warding  .     (no gloves)
rMut   .         Stasis   .     (no barding)
MR     .....                    (no amulet)
Stlth  ++........               r - ring of poison resistance {rPois, !d}
                                j - ring of stealth {Stlth+}

@: confused, agile, lethally poisoned (-3 -> -5), slowed, not resistant to
hostile enchantments, unstealthy
A: hooves 3, deformed body, speed 2, tough skin 3
a: Heroism, Renounce Religion


You were on level 4 of the Dungeon.
You worshipped Okawaru.
Okawaru was aware of your devotion.
You were not hungry.

You visited 2 branches of the dungeon, and saw 5 of its levels.

You collected 177 gold pieces.

Inventory:

Hand weapons
 a - a +0 dagger of speed
   (You took it off a kobold on level 2 of the Dungeon)
 b - a +1 hand crossbow (weapon)
Missiles
 m - 12 bolts (quivered)
Armour
 d - a +0 leather armour (worn)
 i - a +0 helmet (worn)
   (You found it on level 1 of the Dungeon)
Jewellery
 e - a +1 ring of evasion
   (You found it on level 3 of the Dungeon)
 j - a ring of stealth (left hand) {Stlth+}
   (You found it on level 1 of the Dungeon)
 r - a ring of poison resistance (right hand) {rPois, !d}
   (You found it on level 3 of the Dungeon)
 x - an uncursed ring of sustain abilities {SustAb}
   (You found it on level 4 of the Dungeon)
Magical devices
 q - a wand of fireball (4)
   (You took it off Jessica on level 2 of the Dungeon)
Scrolls
 n - 2 scrolls of teleportation {unknown}
 o - a scroll of recharging {unknown}
 t - 2 scrolls of noise {unknown}
 v - a scroll of identify
Potions
 h - a potion of haste
 k - a potion of flight
 l - a potion of ambrosia {!q}
 p - a potion of mutation {!q}
 s - a potion of might
Comestibles
 c - a fruit
 f - 5 bread rations
 w - a meat ration


   Skills:
 - Level 2.0 Fighting
 + Level 9.1 Crossbows
 - Level 1.3 Dodging
 - Level 0.5 Stealth


You had 5 spell levels left.
You didn't know any spells.

Dungeon Overview and Level Annotations

Branches:
Dungeon (4/15)             Temple (1/1) D:4

Altars:
Ashenzari
Dithmenos
Elyvilon
Fedhas
Gozag
Makhleb
Nemelex Xobeh
Okawaru
Qazlal
Ru
Sif Muna
Trog
Yredelemnul
The Shining One


Innate Abilities, Weirdness & Mutations

You have hooves in place of feet.
Armour fits poorly on your strangely shaped body.
You cover ground very quickly.
You have extremely tough skin (AC +3).


Message History

The orc wizard blinks!
The orc barely misses you.
Aim: Duvessa, wielding a short sword of venom (severely wounded)
You shoot a bolt. The bolt hits Duvessa.
The orc hits you but does no damage.
Dowan gestures at Duvessa while chanting.
Duvessa seems to speed up.
Warning x3: The orc wizard might cast Slow, Confuse, Throw Flame, Throw Frost, or go Invisible!
Duvessa can hit for moderate damage in melee, and goes Berserk when Dowan dies!
Dowan can Haste Duvessa, and will become Hasted and cast Throw Icicle when Duvessa dies!
Warning x3: The orc wizard might cast Slow, Confuse, Throw Flame, Throw Frost, or go Invisible!
Dowan can Haste Duvessa, and will become Hasted and cast Throw Icicle when Duvessa dies!
Duvessa can hit for moderate damage in melee, and goes Berserk when Dowan dies!
The orc wizard points at you and mumbles some strange words.
You feel yourself slow down.
Warning x3: Duvessa can hit for moderate damage in melee, and goes Berserk when Dowan dies!
Dowan can Haste Duvessa, and will become Hasted and cast Throw Icicle when Duvessa dies!
The orc wizard might cast Slow, Confuse, Throw Flame, Throw Frost, or go Invisible!
Aim: Duvessa, wielding a short sword of venom (almost dead, fast)
You shoot a bolt. The bolt closely misses Duvessa.
Duvessa closely misses you.
The orc wizard gestures at you while chanting.
The magic dart hits you! The orc barely misses you.
Duvessa hits you with a short sword of venom!
You take 8 damage, and have 36/48 hp.
Warning x3: Dowan can Haste Duvessa, and will become Hasted and cast Throw Icicle when Duvessa dies!
The orc wizard might cast Slow, Confuse, Throw Flame, Throw Frost, or go Invisible!
Duvessa can hit for moderate damage in melee, and goes Berserk when Dowan dies!
Aim: Duvessa, wielding a short sword of venom (almost dead, fast)
You shoot a bolt. The bolt hits Duvessa.
Duvessa hits you but does no damage. The orc hits you but does no damage.
Duvessa closely misses you.
Warning x3: Dowan can Haste Duvessa, and will become Hasted and cast Throw Icicle when Duvessa dies!
Duvessa can hit for moderate damage in melee, and goes Berserk when Dowan dies!
The orc wizard might cast Slow, Confuse, Throw Flame, Throw Frost, or go Invisible!
Dowan hits you with a dagger.
The orc hits you from afar with a trident.
Duvessa closely misses you.
Dowan says, "Stay away from my face!"
Dowan barely misses you.
You take 7 damage, and have 29/48 hp.
Warning x3: Duvessa can hit for moderate damage in melee, and goes Berserk when Dowan dies!
The orc wizard might cast Slow, Confuse, Throw Flame, Throw Frost, or go Invisible!
Dowan can Haste Duvessa, and will become Hasted and cast Throw Icicle when Duvessa dies!
Drink which item? (? for menu, Esc to quit)
You can't drink that!
Unknown command.
Drink which item? (? for menu, Esc to quit)
You feel agile all of a sudden. Duvessa hits you but does no damage.
The orc closely misses you. Dowan closely misses you.
Duvessa hits you with a short sword of venom.
You take 3 damage, and have 26/48 hp.
Warning x3: Duvessa can hit for moderate damage in melee, and goes Berserk when Dowan dies!
The orc wizard might cast Slow, Confuse, Throw Flame, Throw Frost, or go Invisible!
Dowan can Haste Duvessa, and will become Hasted and cast Throw Icicle when Duvessa dies!
The orc wizard gestures wildly while chanting.
The orc wizard blinks!
Aim: Duvessa, wielding a short sword of venom (almost dead, fast)
You shoot a bolt. The bolt hits Duvessa!
You kill Duvessa!
Dowan screams, "No!
Oh no!"
Dowan seems to find hidden reserves of power!
The orc barely misses you.
Warning x2: Dowan can Haste Duvessa, and will become Hasted and cast Throw Icicle when Duvessa dies!
The orc wizard might cast Slow, Confuse, Throw Flame, Throw Frost, or go Invisible!
Aim: Dowan, wielding a dagger and wearing a robe (fast)
You shoot a bolt. The bolt hits Dowan!
Dowan hits you with a dagger. Dowan barely misses you.
The orc closely misses you. Dowan casts a spell at you.
The shard of ice hits you!
* * * LOW HITPOINT WARNING * * *
You take 24 damage, and have 2/48 hp.
MASSIVE DAMAGE!!
Warning x2: Dowan can Haste Duvessa, and will become Hasted and cast Throw Icicle when Duvessa dies!
The orc wizard might cast Slow, Confuse, Throw Flame, Throw Frost, or go Invisible!
Aim: Dowan, wielding a dagger and wearing a robe (severely wounded, fast)
You shoot a bolt. The bolt closely misses Dowan.
Dowan hits you with a dagger.
* * * LOW HITPOINT WARNING * * *
The orc closely misses you. The orc wizard casts a spell at you.
You feel as though you will be slow longer.
Dowan hits you but does no damage.
The orc hits you from afar with a trident.
* * * LOW HITPOINT WARNING * * *
You take 1 damage, and have 1/48 hp.
Warning x2: Dowan can Haste Duvessa, and will become Hasted and cast Throw Icicle when Duvessa dies!
The orc wizard might cast Slow, Confuse, Throw Flame, Throw Frost, or go Invisible!
Aim: Dowan, wielding a dagger and wearing a robe (severely wounded, fast)
You shoot a bolt. The bolt hits Dowan!
You kill Dowan!
Your Crossbows skill increases to level 9!
The orc hits you but does no damage.
Aim: an orc, wielding a trident and wearing a chain mail You shoot a bolt.
The bolt hits the orc!
You kill the orc!
Spoiler Alert: The orc wizard might cast Slow, Confuse, Throw Flame, Throw Frost, or go Invisible!
Aim: an orc wizard, wielding a dagger of venom and wearing a robe You shoot a bolt.
The bolt hits the orc wizard.
The orc wizard misses you.
The orc wizard hits you but does no damage.
Aim: an orc wizard, wielding a dagger of venom and wearing a robe (lightly wounded)
You shoot a bolt. The bolt barely misses the orc wizard.
The orc wizard hits you but does no damage. x2
You are lethally poisoned!
Spoiler Alert: The orc wizard might cast Slow, Confuse, Throw Flame, Throw Frost, or go Invisible!
Drink which item? (? for menu, Esc to quit)
Really quaff
l - 2 potions of ambrosia {!q}?
You are confused.
You feel invigorated.
You feel sick.
The orc wizard mumbles some strange words.
The orc wizard seems to speed up.
You regained 4 hp, and now have 6/48 hp.
Spoiler Alert: The orc wizard might cast Slow, Confuse, Throw Flame, Throw Frost, or go Invisible!
You feel sick. The orc wizard casts a spell at you. The magic dart hits you!
* * * LOW HITPOINT WARNING * * *
The orc wizard casts a spell at you. The magic dart hits you!
You die...

......##..........
.........(...(.....
............(.(..(.
........#(.....(((..
.........(..........
#.....##...)(....÷).
.............(((.()[.
######(.............
#..@.o.(.!.....##.(.
#?....)##........##÷>.
#........##.....(..#....
#.#......##.####.#...<(.
. ##.....#............##
##......(........(...
#...................
#...................
...(#..............


You could see an orc wizard.

Vanquished Creatures
  A phantom (D:4)
  Duvessa (D:4)
  Dowan (D:4)
  3 orc wizards (D:4)
  2 worker ants (D:4)
  Jessica (D:2)
  3 adders
  3 worms
  2 orcs (D:4)
  2 ball pythons
  13 bats
  A bat skeleton (D:4)
  5 giant cockroaches
  7 goblins
  8 hobgoblins
  7 jackals (D:4)
  8 kobolds
  A quokka (D:4)
  6 giant newts
  9 rats
84 creatures vanquished.

Notes
Turn   | Place    | Note
--------------------------------------------------------------
     0 | D:1      | Pikaro, the Centaur Hunter, began the quest for the Orb.
     0 | D:1      | Reached XP level 1. HP: 17/17 MP: 1/1
   224 | D:1      | Reached XP level 2. HP: 24/24 MP: 2/2
   234 | D:1      | Reached skill level 5 in Crossbows
   838 | D:2      | Reached XP level 3. HP: 29/29 MP: 3/3
  1028 | D:2      | Noticed Jessica
  1031 | D:2      | Killed Jessica
  1031 | D:2      | Reached skill level 6 in Crossbows
  1147 | D:2      | Reached XP level 4. HP: 16/36 MP: 3/3
  1416 | D:2      | Found a blossoming altar of Fedhas.
  1946 | D:4      | Found a staircase to the Ecumenical Temple.
  1954 | Temple   | Entered the Ecumenical Temple
  1999 | Temple   | Became a worshipper of Warmaster Okawaru
  2073 | D:4      | Reached skill level 7 in Crossbows
  2073 | D:4      | Reached XP level 5. HP: 39/41 MP: 4/4
  2107 | D:4      | Noticed a phantom
  2125 | D:4      | Killed a phantom
  2379 | D:4      | Reached skill level 8 in Crossbows
  2379 | D:4      | Reached XP level 6. HP: 32/48 MP: 5/5
  2418 | D:4      | Noticed Duvessa
  2527 | D:4      | Noticed Dowan
  2745 | D:4      | Acquired Okawaru's first power
  2826 | D:4      | Killed Duvessa
  2827 | D:4      | HP: 2/48 [Dowan/shard of ice (23)]
  2829 | D:4      | Killed Dowan
  2829 | D:4      | Reached skill level 9 in Crossbows
  2833 | D:4      | HP: 6/48 [poisoned by an orc wizard]
  2834 | D:4      | Killed from afar by an orc wizard

Action                   |  1- 3 |  4- 6 || total
-------------------------+-------+-------++-------
Melee: Dagger            |    27 |    41 ||    68
 Fire: Hand crossbow     |    76 |   152 ||   228
  Use: Scroll            |       |     6 ||     6
       Potion            |       |     2 ||     2
  Eat: Chunk             |       |     4 ||     4

Vault maps used:
D:1:      lightli_iron_boxes
D:2:      first_bread, lemuel_statue_altar, uniq_jessica
D:4:      temple_doors_b, uniq_duvessa
Temple:   nicolae_temple_god_jail

Table legend:
 A = Turns spent in this place as a percentage of turns spent in the entire game.
 B = Non-inter-level travel turns spent in this place as a percentage of non-inter-level travel turns spent in the entire game.
 C = Inter-level travel turns spent in this place as a percentage of turns spent in this place.
 D = Turns resting spent in this place as a percentage of non-inter-level travel turns spent in this place.
 E = Turns spent auto-exploring this place as a percentage of non-inter-level travel turns spent in this place.
 F = Non-inter-level travel turns spent in this place divided by the number of levels of this place that you've seen.
                   A       B       C       D       E      F
               +-------+-------+-------+-------+-------+----------------------
         Total | 100.0 | 100.0 |   0.5 |   3.3 |  10.9 | 161.8
       Dungeon |  94.2 |  94.2 |   0.5 |   3.5 |   9.8 | 190.5
        Temple |   5.8 |   5.8 |   0.0 |   0.0 |  27.7 |  47.0
               +-------+-------+-------+-------+-------+----------------------

Table legend:
 A = Kills in this place as a percentage of kills in entire the game.
 B = Kills by you in this place as a percentage of kills by you in the entire game.
 C = Kills by friends in this place as a percentage of kills by friends in the entire game.
 D = Other kills in this place as a percentage of other kills in the entire game.
 E = Experience gained in this place as a percentage of experience gained in the entire game.
 F = Experience gained in this place divided by the number of levels of this place that you have seen.
                   A       B       C       D       E      F
               +-------+-------+-------+-------+-------+----------------------
         Total | 100.0 | 100.0 |  -nan |  -nan | 100.0 | 134.8
       Dungeon | 100.0 | 100.0 |  -nan |  -nan | 100.0 | 168.5
               +-------+-------+-------+-------+-------+----------------------
